 Dungeon Crawl Stone Soup version 0.31-a0-949-g57150269e1 (webtiles) character file.

Game seed: 10283593944238909172

2347 LeprechaunX the Changeling (level 9, -1/81 HPs)
             Began as an Octopode Shapeshifter on Oct 23, 2023.
             Was a Follower of Hepliaklqana.
             Killed by divine providence
             ... invoked by an orc priest
              (12 damage)
             ... on level 8 of the Dungeon.
             The game lasted 00:09:34 (5901 turns).

LeprechaunX the Changeling (Octopode Shapeshifter)  Turns: 5901, Time: 00:09:34

Health: -1/81      AC: 24    Str: 17    XL:     9   Next: 43%
Magic:  9/9        EV:  2    Int: 13    God:    Hepliaklqana [*.....]
Gold:   426        SH:  4    Dex: 11    Spells: 8/8 levels left

rFire   + .          .
                       - Unarmed
rCold   . . .        h - +0 buckler
rNeg    . . .        (helmet currently unavailable)
rPois   +            l - amulet of regeneration
rElec   .            D - ring of flight
rCorr   .            E - ring of protection from fire
SInv    .            (no ring)
Will    .....        (no ring)
Stlth   +            (no ring)
HPRegen 1.13/turn    (no ring)
MPRegen 0.11/turn    (no ring)
                     (no ring)

%: no passive effects
@: lethally poisoned (-1 -> -1), tree-form
A: stationary, stasis, torment immunity, boosted hp, reduced essence, almost no
armour, (amphibious), 8 rings, (camouflage 1), (gelatinous body 1), (nimble
swimmer 1), (tentacles)
a: Renounce Religion, Recall Ancestor, Ancestor Identity


You were on level 8 of the Dungeon.
You worshipped Hepliaklqana.
Hepliaklqana was aware of your devotion.
You were a tree.
You visited 2 branches of the dungeon, and saw 9 of its levels.

You collected 426 gold pieces.

Inventory:

Hand Weapons
 a - a +0 sling
Missiles
 p - 3 throwing nets
 z - 2 boomerangs (quivered)
Armour
 f - an orb of light
 h - a +0 buckler (worn)
Jewellery
 l - an amulet of regeneration (around neck)
 D - a ring of flight (left branch)
 E - a ring of protection from fire (right branch)
Talismans
 b - a beast talisman
 c - a flux talisman
 v - a serpent talisman
 x - a maw talisman
Wands
 s - a wand of flame (18)
 u - a wand of charming (5)
 w - a wand of acid (7)
 B - a wand of digging (11)
Scrolls
 d - 2 scrolls of fog {unknown}
 e - 7 scrolls of identify {unknown}
 g - 3 scrolls of noise {unknown}
 j - 5 scrolls of vulnerability {unknown}
 k - 2 scrolls of revelation {unknown}
 o - 2 scrolls of immolation {unknown}
 q - a scroll of enchant armour {unknown}
 r - a scroll of poison {unknown}
 y - 5 scrolls of teleportation {unknown}
 C - a scroll of acquirement {unknown}
 G - a scroll of blinking {unknown}
Potions
 i - 3 potions of might {unknown}
 m - 2 potions of attraction {unknown}
 n - 2 potions of haste {unknown}
 t - 2 potions of enlightenment {unknown}
 A - 3 potions of lignification
 F - a potion of resistance {unknown}
 H - a potion of curing {unknown}


   Skills:
 + Level 5.3 Fighting
 - Level 5.0 Dodging
 - Level 4.0 Shields
 - Level 6.0 Unarmed Combat
 * Level 7.6 Shapeshifting


You had 8 spell levels left.
You didn't know any spells.
Your spell library contained the following spells:

 Spells                   Type           Power      Damage    Failure   Level
 Freeze                   Ice            0%         1d3       36%         1
 Magic Dart               Conj           0%         1d3       36%         1
 Lesser Beckoning         Tloc           0%         N/A       52%         2
 Searing Ray              Conj           0%         2d4       52%         2
 Frozen Ramparts          Ice            0%         1d1       75%         3
 Gell's Gravitas          Tloc           0%         N/A       75%         3
 Hailstorm                Conj/Ice       0%         3d3       75%         3
 Inner Flame              Hex/Fire       0%         N/A       75%         3
 Teleport Other           Tloc           0%         N/A       75%         3
 Anguish                  Hex/Necr       0%         N/A       98%         4
 Cause Fear               Hex            0%         N/A       98%         4
 Flame Wave               Conj/Fire      0%         2d4       98%         4
 Fulminant Prism          Conj/Hex       0%         3d5       98%         4
 Sticky Flame             Conj/Fire      0%         2d3       98%         4
 Summon Lightning Spire   Summ/Air       0%         N/A       98%         4
 Lee's Rapid Deconstruct  Erth           0%         3d4*      100%        5
 Enfeeble                 Hex            0%         N/A       100%        7
 Animate Armour           Summ/Erth      Unusable   N/A       N/A         4

Dungeon Overview and Level Annotations

Branches:
Dungeon (8/15)             Temple (1/1) D:4            Lair (0/5) D:8

Altars:
Ashenzari
Cheibriados
Dithmenos
Elyvilon
Fedhas
Gozag
Hepliaklqana
Makhleb
Nemelex Xobeh
Okawaru
Qazlal
Sif Muna
Trog
Uskayaw
Vehumet
Yredelemnul
Zin
The Shining One

Shops:
D:2 !


Innate Abilities, Weirdness & Mutations

You are a tree.
Your roots penetrate the ground, keeping you stationary.
You cannot be teleported.
You are immune to unholy pain and torment.
Your maximum health is greatly increased.
Your life essence is reduced to manifest your ancestor. (-10% HP)
You cannot wear most types of armour.
((You are amphibious.))
You can wear up to eight rings at the same time.
((Your skin changes colour to match your surroundings (Stealth+).))
((Your rubbery body absorbs attacks. (AC +1, EV +1)))
((You are camouflaged when in or above water. (Stealth+)))
((You have tentacles for arms and can constrict up to eight enemies at once.))


Message History

The wyvern bites you but does no damage.
The water moccasin bites you but does no damage.
An orc priest comes into view. It is wielding a +0 short sword.
An orc comes into view. It is wielding a +0 club.
You block the water moccasin's attack. The wyvern barely misses you.
You miss the water moccasin.
The water moccasin is lightly wounded.
The orc shouts!
The orc priest shouts!
The wyvern bites you! The water moccasin bites you.
You are poisoned.
The water moccasin poisons you!
You hear a shout!
You smack the water moccasin!
The water moccasin is severely wounded.
You feel very sick.
The wyvern bites you but does no damage.
You block the water moccasin's attack.
The orc priest invokes the aid of Beogh against you.
Beogh smites you!
You closely miss the water moccasin.
The water moccasin is severely wounded.
You feel sick.
The wyvern bites you but does no damage.
You block the water moccasin's attack.
An orc comes into view. It is wielding a +0 hand axe.
You hit the water moccasin but do no damage.
The water moccasin is severely wounded.
You feel sick. The wyvern bites you!
* * * LOW HITPOINT WARNING * * *
The water moccasin bites you.
* * * LOW HITPOINT WARNING * * *
The wyvern bites you!
* * * LOW HITPOINT WARNING * * *
The water moccasin bites you but does no damage.
You hit the water moccasin but do no damage.
The water moccasin is severely wounded.
You feel sick.
The orc priest mumbles some strange prayers to Beogh against you.
Beogh smites you!
You die...

#...#.......#
#.{##.....##..#
#..###l..# #..# #
#R#..#...# #..#.#
#.#...l..# ...#.
#.#.#{l..###...
#.#........Yo.
#####.###.######S#
......# #.## #♣# ###
#####.###..#####l#.....
#####'##...l..[l{l..#
.......#......o.o...#
.......#............#
.......#............#
.......#............#
.......#............#
########............#


You could see a yak, 2 basilisks, a water moccasin, a wyvern, an orc priest and
2 orcs.

Vanquished Creatures
  Grinder (D:6)
  A water moccasin (D:6)
  A sky beast (D:7)
  A black bear (D:6)
  An ice beast (D:7)
  4 ogres
  3 bullfrogs (D:6)
  A gnoll sergeant (D:7)
  4 scorpions
  2 hounds
  4 orc priests
  A jelly (D:6)
  2 sleepcaps
  3 iguanas
  Ijyb (D:3)
  2 orc wizards
  Robin (D:3)
  10 adders
  5 gnolls
  2 white imps
  6 ufetubi
  A worm (D:2)
  5 dart slugs
  26 orcs
  8 ball pythons
  9 bats
  7 endoplasms
  6 giant cockroaches
  7 goblins
  13 hobgoblins
  9 jackals
  3 quokkas
  8 frilled lizards
  8 kobolds
  7 rats
173 creatures vanquished.

Vanquished Creatures (collateral kills)
  An ice beast (D:7)
  A bullfrog (D:8)
  An orc wizard (D:7)
  2 gnolls (D:7)
  An orc (D:7)
6 creatures vanquished.

Vanquished Creatures (others)
  2 ancestors
  A goblin (D:3)
  A quokka (D:4)
4 creatures vanquished.

Grand Total: 183 creatures vanquished

Notes
Turn   | Place    | Note
-------+----------+-------------------------------------------
     0 | D:1      | LeprechaunX the Octopode Shapeshifter began the quest for
                  | the Orb.
     0 | D:1      | Reached XP level 1. HP: 13/13 MP: 1/1
   171 | D:1      | Reached XP level 2. HP: 18/18 MP: 2/2
   412 | D:1      | Reached XP level 3. HP: 23/23 MP: 3/3
  1154 | D:2      | HP: 1/23 [dart slug/slug dart (5)]
  1378 | D:2      | Reached XP level 4. HP: 28/28 MP: 4/4
  1525 | D:2      | Found Turumuwa's Distillery.
  1623 | D:2      | Found a faded altar of an unknown god.
  1944 | D:3      | Reached skill level 1 in Shields
  1976 | D:3      | Reached XP level 5. HP: 34/34 MP: 5/5
  1980 | D:3      | Reached skill level 4 in Shapeshifting
  2060 | D:3      | Noticed Robin
  2061 | D:3      | Noticed Ijyb
  2074 | D:3      | Killed Robin
  2079 | D:3      | Killed Ijyb
  2746 | D:4      | Reached XP level 6. HP: 25/41 MP: 6/6
  2795 | D:4      | Found a white marble altar of Elyvilon.
  2879 | D:4      | Found a staircase to the Ecumenical Temple.
  3042 | D:4      | Found a glowing silver altar of Zin.
  3332 | Temple   | Entered the Ecumenical Temple
  3342 | Temple   | Became a worshipper of Hepliaklqana the Forgotten
  3426 | D:5      | Entered Level 5 of the Dungeon
  3502 | D:5      | Reached XP level 7. HP: 46/46 MP: 7/7
  3570 | D:5      | Reached skill level 5 in Shapeshifting
  3740 | D:5      | Reached XP level 8. HP: 46/54 MP: 8/8
  3842 | D:5      | Found a basalt altar of Yredelemnul.
  4315 | D:6      | Noticed Grinder
  4320 | D:6      | Paralysed by Grinder for 2 turns
  4385 | D:6      | Paralysed by Grinder for 5 turns
  4392 | D:6      | Killed Grinder
  4393 | D:6      | Reached skill level 6 in Shapeshifting
  4434 | D:6      | Found a snail-covered altar of Cheibriados.
  4595 | D:6      | Reached * piety under Hepliaklqana
  4652 | D:6      | Reached skill level 5 in Unarmed Combat
  4792 | D:6      | Reached skill level 5 in Dodging
  4792 | D:6      | Reached XP level 9. HP: 49/53 MP: 9/9
  5079 | D:7      | Reached skill level 7 in Shapeshifting
  5297 | D:7      | Reached skill level 5 in Fighting
  5873 | D:8      | Found a staircase to the Lair.
  5901 | D:8      | Killed from afar by an orc priest

Illustrated notes

Levels and vault maps discovered:
D:1:      dpeg_arrival_arbitrary_c, layout_loops_corners, minmay_heptomino_o4
D:2:      layout_loops_ring, serial_shops, nicolae_shop_trees,
          shapermc_ecumenical_altar_totnotflames, minmay_fractal_squares_5
D:3:      layout_loops_ring, nicolae_goblin_pals
D:4:      layout_basic, lemuel_crystal_altar, elyvilon_altar_4,
          minmay_temple_entry_waves
D:5:      layout_loops_cross, general_overflow_altar
D:6:      layout_basic, kennysheep_slug_shrine, minmay_misc_feat_columns,
          uniq_grinder
D:7:      layout_loops_cross
D:8:      layout_basic, david_lair_generic
Temple:   compressed_dpeg_circular_temple

Skill      XL: |  1  2  3  4  5  6  7  8  9 |
---------------+----------------------------+-----
Fighting       | 2 3 4 5 |  5.3
Shields        | 1 2 3 4 |  4.0
Shapeshifting  | 4 5 6 7 |  7.6
Dodging        | 3 4 5 |  5.0
Unarmed Combat | 4 5 6 |  6.0

Action                     |  1- 3 |  4- 6 |  7- 9 || total
---------------------------+-------+-------+-------++-------
  Melee: Unarmed           |    82 |   141 |   143 ||   366
         Constrict         |    23 |    33 |    33 ||    89
         Tentacles         |    13 |    29 |    35 ||    77
         Punch             |     1 |     7 |     9 ||    17
   Fire: Sling             |       |       |     5 ||     5
  Throw: Boomerang         |       |       |     9 ||     9
         Throwing net      |       |       |     1 ||     1
    Use: Potion            |       |       |     1 ||     1
   Stab: Sleeping          |     9 |     9 |     8 ||    26
 Armour: Skin              |    34 |    48 |    82 ||   164
  Dodge: Dodged            |    53 |    75 |    75 ||   203
  Block: Buckler           |     5 |    21 |    27 ||    53

Table legend: (Time is in decaauts)
 A = Elapsed time spent in this place.
 B = Non-inter-level travel time spent in this place.
 C = Inter-level travel time spent in this place.
 D = Time resting spent in this place.
 E = Time spent auto-exploring this place.
 F = Levels seen in this place.
 G = Mean time per level.
                   A        B        C        D        E       F      G
               +--------+--------+--------+--------+--------+-----+--------+
         Total |   5891 |   5544 |    347 |    121 |   4322 |   9 |  654.6 |
       Dungeon |   5870 |   5541 |    329 |    121 |   4322 |   8 |  733.8 |
        Temple |     20 |      2 |     18 |      0 |      0 |   1 |   20.0 |
               +--------+--------+--------+--------+--------+-----+--------+

Top non-repeatable levels by time:
     D:1: 1120 daAuts
     D:2: 825 daAuts
     D:5: 806 daAuts
     D:7: 804 daAuts
     D:3: 732 daAuts
     D:4: 723 daAuts
     D:6: 718 daAuts
     D:8: 139 daAuts
  Temple: 20 daAuts
